Map: Catalyst LE

Players

Koumei - Winner!

  • Race: Terran Terran
  • League: Diamond
  • Spawn Location: 11:00

Teo

  • Race: Protoss Protoss
  • League: Diamond
  • Spawn Location: 5:00

VOD

Have the link to the VOD?

Description

Time

  • Played on: May 28, 2018, 4:43 p.m.
  • Length: 7:44
Show
View Real Time Build Order
Export as new Build Order

Koumei Terran - Winner!

Build Orders: MMM Bio 

Get SALT Encoding   

  12  0:00  SCV  
  13  0:13  SCV  
  14  0:18  Supply Depot  
  14  0:25  SCV  
  15  0:32  Refinery  
  15  0:39  SCV  
  16  0:45  Barracks  
  16  0:51  SCV  
  17  1:04  SCV  
  18  1:16  SCV  
  19  1:34  Orbital Command  
  19  1:38  Barracks Tech Lab  
  19  1:43  Supply Depot  
  19  2:00  Marauder, Command Center  
  21  2:02  Concussive Shells  
  21  2:11  SCV  
  22  2:18  Barracks  
  22  2:21  Marine  
  23  2:29  SCV  
  24  2:40  Marauder  
  24  2:41  SCV  
  27  2:49  Barracks  
  27  2:50  Engineering Bay  
  27  2:53  SCV  
  28  3:01  Stimpack  
  28  3:08  Barracks Tech Lab  
  28  3:17  SCV  
  29  3:20  Refinery  
  29  3:22  Missile Turret  
  29  3:30  Orbital Command, Marauder x2  
  33  3:36  SCV  
  33  3:37  Barracks Reactor  
  34  3:48  SCV  
  30  4:00  SCV  
  31  4:04  Marine, SCV  
  31  4:05  Bunker  
  31  4:07  Marine  
  31  4:09  Bunker  
  34  4:12  SCV  
  34  4:14  Marine  
  36  4:19  SCV  
  36  4:21  Combat Shields  
  36  4:23  Marauder  
  39  4:24  SCV  
  40  4:31  SCV  
  40  4:32  Marine  
  40  4:33  Marauder, Supply Depot  
  44  4:44  SCV  
  44  4:45  SCV  
  46  4:47  Terran Infantry Weapons Level 1  
  46  4:51  Supply Depot  
  46  4:54  Marine  
  46  4:55  Marauder  
  49  5:02  Marine x2  
  49  5:04  Factory  
  49  5:05  SCV  
  51  5:09  SCV  
  51  5:10  Refinery  
  51  5:12  Marine  
  53  5:16  Marine  
  53  5:20  Marine x2  
  56  5:25  SCV  
  57  5:29  SCV  
  57  5:30  Marine  
  57  5:33  Supply Depot  
  57  5:35  Marauder  
  61  5:37  SCV  
  61  5:38  Supply Depot  
  62  5:50  Factory Reactor  
  62  5:51  Starport  
  62  5:55  Reaper, Marine x2, SCV x2  
  62  5:56  Marauder  
  69  6:07  SCV x2  
  69  6:08  Supply Depot  
  71  6:13  Marine x2  
  71  6:17  Marine  
  74  6:19  SCV  
  75  6:27  Marauder  
  75  6:30  Marine x2  
  79  6:35  Marauder  
  81  6:40  Supply Depot  
  81  6:42  Supply Depot  
  80  6:48  Marine x2  
  80  6:49  Marauder  
  84  6:56  Medivac  
  86  7:01  Medivac, Marine  
  86  7:03  Refinery  
  86  7:05  Supply Depot  
  86  7:06  Marine x2  
  86  7:08  SCV  
  92  7:10  Marauder  
  94  7:17  SCV  
  94  7:20  Marauder  
  97  7:24  Marine x2, SCV  
Show
View Real Time Build Order
Export as new Build Order

Teo Protoss 

Build Orders: 1 Gate Expand 

Get SALT Encoding   

  12  0:01  Probe  
  13  0:13  Probe  
  14  0:18  Pylon  
  14  0:25  Probe  
  15  0:33  Probe  
  15  0:38  Gateway  
  16  0:44  Assimilator, Probe  
  17  0:55  Probe  
  18  1:03  Probe  
  19  1:12  Probe  
  20  1:25  Cybernetics Core  
  20  1:41  Nexus  
  20  1:47  Assimilator  
  20  1:51  Pylon  
  20  1:52  Stalker  
  20  1:55  Probe  
  20  1:56  Warp Gate  
  23  2:11  Probe  
  24  2:23  Robotics Facility  
  24  2:31  Probe  
  24  2:36  Stalker  
  27  2:45  Probe  
  27  2:49  Pylon  
  28  2:58  Probe  
  29  3:03  Immortal  
  33  3:25  Pylon  
  32  3:27  Gateway  
  32  3:52  Probe  
  28  3:56  Probe  
  28  3:58  Observer  
  31  4:03  Stalker  
  31  4:07  Twilight Council  
  31  4:09  Forge  
  33  4:14  Gateway, Immortal  
  37  4:27  Sentry  
  37  4:29  Probe  
  40  4:31  Probe  
  40  4:34  Resonating Glaives  
  41  4:39  Protoss Ground Weapons Level 1  
  41  4:42  Probe  
  41  4:43  Probe  
  43  4:56  Observer  
  43  4:57  Probe x2  
  46  5:10  Pylon  
  46  5:15  Probe x2  
  48  5:24  Observer  
  48  5:31  Probe  
  48  5:32  Gateway  
  48  5:33  Gateway, Probe  
  48  5:35  Gateway  
  50  5:47  Gateway  
  50  5:50  Gateway, Sentry x2  
  50  5:52  Warp Prism  
  56  6:04  Probe  
  56  6:05  Probe  
  56  6:10  Pylon  
  58  6:25  Probe x2  
  60  6:28  Pylon  
  60  6:49  Adept x3  
  60  6:50  Adept x5  
  76  7:06  Adept  
  78  7:15  Adept  
  78  7:16  Adept x3  
  78  7:22  Pylon x2  
  64  7:37  Adept  
  64  7:38  Adept x7  
Tags
 
Composition
MMM Bio
Matchup
PvT
Spawn Locations
Cross Positions
Add a new tag
Caveats
  • Supply blocks, unpowered buildings, or Contaminate may cause inaccurate times.
  • Supply counts are checked every 10 seconds.